 Dungeon Crawl Stone Soup version 0.29.0-4-gdea44cf6ec (webtiles) character file.

Game seed: 16196405740596996162

88 qw the Ruffian (level 4, -7/44 HPs)
             Began as a Troll Cinder Acolyte on Sept 3, 2022.
             Was a High Priest of Ignis.
             Mangled by an ogre
             ... wielding a +0 giant spiked club
              (25 damage)
             ... on level 3 of the Dungeon.
             The game lasted 00:01:05 (1801 turns).

qw the Ruffian (Troll Cinder Acolyte)               Turns: 1801, Time: 00:01:06

Health: -7/44      AC: 17    Str: 22    XL:     4   Next: 30%
Magic:  4/4        EV:  8    Int: 19    God:    Ignis [*****.]
Gold:   70         SH:  0    Dex:  5    Spells: 5/5 levels left

rFire   + . .      SeeInvis .     - Unarmed
rCold   . . .      Faith    .   (no shield)
rNeg    . . .      Spirit   .   b - +1 swamp dragon scales "Ygippun" {Harm rElec rPois Str-2 Int+9}
rPois   +          Reflect  .   (helmet restricted)
rElec   +          Harm     +   (no cloak)
rCorr   .          Rampage  .   (gloves unavailable)
Will    .....                   (boots unavailable)
Stlth   ..........              (no amulet)
HPRegen 0.94/turn               (no ring)
MPRegen 0.09/turn               (no ring)

@: fiery-armoured
A: large, unfitting armour, claws 3, regeneration 1, shaggy fur 1, tough skin 1
a: Renounce Religion, Fiery Armour, Foxfire Swarm, Rising Flame


You were on level 3 of the Dungeon.
You worshipped Ignis.
Ignis was extremely pleased with you.
You visited 1 branch of the dungeon, and saw 3 of its levels.

You collected 70 gold pieces.


Innate Abilities, Weirdness & Mutations

You are too large for most types of armour.
You have claws for hands.
Your natural rate of healing is unusually fast.
You are covered in fur. (AC +1)
You have tough skin. (AC +1)


   Skills:
 - Level 2.4 Fighting
 + Level 5.2 Unarmed Combat
 - Level 1.0 Spellcasting
 - Level 2.1 Fire Magic


You had 5 spell levels left.
You didn't know any spells.
Your spell library contained the following spells:

 Spells                   Type           Power      Damage    Failure   Level
 Scorch                   Fire           18%        2d5       19%         2

Inventory:

Armour
 a - a +0 robe
 b - the +1 swamp dragon scales "Ygippun" (worn) {Harm rElec rPois Str-2 Int+9}
   (You acquired it on level 2 of the Dungeon)

   Str:       It affects your strength (-2).
   Int:       It affects your intelligence (+9).
   rElec:     It insulates you from electricity.
   rPois:     It protects you from poison.
   Harm:      It increases damage dealt and taken.
Jewellery
 c - a ring of ice
 f - a ring of ice
 g - a ring of resist corrosion
Scrolls
 d - a scroll of identify
Potions
 e - a potion of curing
 j - a potion of attraction {unknown}
 k - a potion of might {unknown}
 l - a potion of mutation {unknown}

Dungeon Overview and Level Annotations

Branches:
Dungeon (3/15)

Altars:
Kikubaaqudgha

Shops:
D:1 :


Message History

You claw the jackal!
You kill the jackal!
The jackal closely misses you.
You barely miss the jackal.
The jackal bites you but does no damage.
You claw the jackal!
You kill the jackal!
You claw the jackal!
You kill the jackal!
You scratch the ogre.
The ogre is lightly wounded.
The ogre hits you with a +0 giant spiked club!!
Ouch! That really hurt!
1794 ||| INVOKING Fiery Armour.
A protective cloak of flame settles atop you.
The ogre hits you with a +0 giant spiked club!
The ogre is burned by your cloak of flames.
The ogre is moderately wounded.
1795 ||| DRINKING potion of heal wounds.
You feel much better.
You scratch the ogre but do no damage.
The ogre is moderately wounded.
The ogre hits you with a +0 giant spiked club!
The ogre is burned by your cloak of flames.
The ogre is moderately wounded.
You claw the ogre!
The ogre is severely wounded.
The ogre barely misses you.
You barely miss the ogre.
The ogre is severely wounded.
You claw the ogre!
The ogre is almost dead.
The ogre barely misses you.
You barely miss the ogre.
The ogre is almost dead.
You scratch the ogre but do no damage. Your claw misses the ogre.
The ogre is almost dead.
The ogre hits you with a +0 giant spiked club!!
Ouch! That really hurt!
You die...

.........#.#...# ..
#......##.#....# ...
#....#.##.....# ...#
#..#.#.#....## ....#
##..##%#.....#
.....##....##......#
...................#
...................#
..##@...##......#
##O%##.#.....#
#..#.#.#...(# #....#
##....# #".....#
#...# ..?.......
#..# ..h.......$ ..#
.............
....h.........


You could see an ogre.

Vanquished Creatures
  3 gnolls (D:2)
  A worm (D:2)
  3 dart slugs (D:1)
  5 ball pythons
  4 bats
  5 endoplasms
  A giant cockroach (D:1)
  4 hobgoblins
  7 jackals
  2 quokkas
  2 frilled lizards (D:1)
  4 goblins
  4 kobolds
  3 rats
48 creatures vanquished.

Notes
Turn   | Place    | Note
-------+----------+-------------------------------------------
     0 | D:1      | qw the Troll Cinder Acolyte began the quest for the Orb.
     0 | D:1      | Reached XP level 1. HP: 22/22 MP: 1/1
     0 | D:1      | 0 ||| qw: Version: 0.1-a-102-g441f92d
     0 | D:1      | 0 ||| qw: Game counter: 5170
     0 | D:1      | 0 ||| qw: Always use a shield: true
     0 | D:1      | 0 ||| qw: God list: Okawaru
     0 | D:1      | 0 ||| qw: Allow faded altars: false
     0 | D:1      | 0 ||| qw: Do Orc after D:15 true
     0 | D:1      | 0 ||| qw: Do second Lair branch before Depths: true
     0 | D:1      | 0 ||| qw: Lair rune preference: random
     0 | D:1      | 0 ||| qw: Plans: Normal
     0 | D:1      | 0 ||| PLANNING D:1-11
    36 | D:1      | Found Meluf's Book Boutique.
   335 | D:1      | Reached XP level 2. HP: 29/29 MP: 2/2
   346 | D:1      | 346 ||| Stepping ~*~*~tactically~*~*~ (hiding).
   347 | D:1      | 347 ||| Stepping ~*~*~tactically~*~*~ (hiding).
   351 | D:1      | 351 ||| Stepping ~*~*~tactically~*~*~ (hiding).
   557 | D:1      | 557 ||| Stepping ~*~*~tactically~*~*~ (hiding).
   567 | D:1      | Reached skill level 4 in Unarmed Combat
   758 | D:1      | 758 ||| Stepping ~*~*~tactically~*~*~ (hiding).
   942 | D:1      | 942 ||| READING 4 scrolls labelled MYK EDGHOATHRAM.
   943 | D:1      | 943 ||| READING scroll labelled DASAUM TOBIUW.
   948 | D:1      | 948 ||| READING 3 scrolls of identify.
   948 | D:1      | 948 ||| IDENTIFYING clear potion
   952 | D:1      | 952 ||| READING 2 scrolls of identify.
   952 | D:1      | 952 ||| IDENTIFYING red potion
   958 | D:1      | 958 ||| DROPPING potion of magic.
  1000 | D:2      | Reached XP level 3. HP: 36/36 MP: 3/3
  1054 | D:2      | Found an ancient bone altar of Kikubaaqudgha.
  1468 | D:2      | 1468 ||| Stepping ~*~*~tactically~*~*~ (hiding).
  1469 | D:2      | 1469 ||| Stepping ~*~*~tactically~*~*~ (hiding).
  1473 | D:2      | 1473 ||| INVOKING Fiery Armour.
  1479 | D:2      | Reached XP level 4. HP: 34/44 MP: 4/4
  1479 | D:2      | 1479 ||| FLEEEEING.
  1481 | D:2      | 1481 ||| FLEEEEING.
  1482 | D:2      | 1482 ||| FLEEEEING.
  1483 | D:2      | 1483 ||| FLEEEEING.
  1484 | D:2      | 1484 ||| FLEEEEING.
  1489 | D:2      | Reached skill level 5 in Unarmed Combat
  1641 | D:2      | 1641 ||| DROPPING ring of wizardry.
  1642 | D:2      | 1642 ||| READING 2 scrolls labelled TAFEUNGEWEA.
  1643 | D:2      | 1643 ||| READING scroll labelled JUEGEU BUSS.
  1643 | D:2      | Identified a scroll of acquirement
  1643 | D:2      | 1643 ||| ACQUIRING +1 swamp dragon scales "Ygippun" {Harm
                  | rElec rPois Str-2 Int+9}
  1643 | D:2      | Acquired the +1 swamp dragon scales "Ygippun" {Harm rElec
                  | rPois Str-2 Int+9}
  1645 | D:2      | 1645 ||| UPGRADING to +1 swamp dragon scales "Ygippun"
                  | {Harm rElec rPois Str-2 Int+9}.
  1655 | D:2      | 1655 ||| READING scroll labelled KEUFFYIGO.
  1656 | D:2      | 1656 ||| READING scroll labelled DYZITOCZ QUCAI.
  1657 | D:2      | 1657 ||| READING 2 scrolls of identify.
  1657 | D:2      | 1657 ||| IDENTIFYING purple potion
  1658 | D:2      | 1658 ||| DROPPING scroll of fear.
  1675 | D:3      | Found a faded altar of an unknown god.
  1782 | D:3      | 1782 ||| Stepping ~*~*~tactically~*~*~ (stealth).
  1786 | D:3      | Noticed an ogre
  1794 | D:3      | 1794 ||| INVOKING Fiery Armour.
  1794 | D:3      | HP: 6/44 [ogre/+0 giant spiked club (13)]
  1795 | D:3      | 1795 ||| DRINKING potion of heal wounds.
  1801 | D:3      | Mangled by an ogre

Levels and vault maps discovered:
D:1:      lightli_molten_gateway, layout_loops_ring, serial_shops,
          nicolae_shop_waterfront
D:2:      layout_loops_cross, basic_altar, minmay_ruptured
D:3:      layout_basic, trog_book, lemuel_round_altar,
          nicolae_ecumenical_pavilion, minmay_misc_feat_secret_circle,
          minmay_misc_feat_cross, minmay_misc_feat_four_crosses,
          minmay_shallow_snake_nest, uniq_natasha

Skill      XL: |  1  2  3  4 |
---------------+-------------+-----
Unarmed Combat | 4 5 |  5.2
Fighting       | |  2.4
Spellcasting   | |  1.0
Fire Magic     | |  2.1

Action                   |  1- 3 |  4- 6 || total
-------------------------+-------+-------++-------
Melee: Unarmed           |    99 |    33 ||   132
       Punch             |     2 |       ||     2
Invok: Fiery Armour      |     1 |     1 ||     2
  Use: Scroll            |     4 |     5 ||     9
       Potion            |       |     1 ||     1
Armor: Robe              |    30 |     2 ||    32
       Swamp dragon scal |       |    10 ||    10
Dodge: Dodged            |    41 |     7 ||    48

Table legend:
 A = Non-vault XP
 B = Vault XP
 C = Vault XP percentage of total XP
 D = Non-vault monster count
 E = Vault monster count
 F = Vault count percentage of total count
                 A         B        C        D         E       F
            +---------+---------+-------+---------+---------+-------
      Total |     123 |       4 |   3.1 |      46 |       2 |   4.2
            +---------+---------+-------+---------+---------+-------
        D:1 |      39 |       0 |   0.0 |      20 |       0 |   0.0
        D:2 |      71 |       4 |   5.3 |      19 |       2 |   9.5
        D:3 |      13 |       0 |   0.0 |       7 |       0 |   0.0
            +---------+---------+-------+---------+---------+-------
